 Dungeon Crawl Stone Soup version 0.17.2-1-ge4368a0 (webtiles) character file.

1726 Goblin1989 the Martial Artist (level 8, -3/60 HPs)
             Began as a Demonspawn Monk on Sept 17, 2016.
             Was an Initiate of Gozag.
             Slain by an orc warrior
             ... wielding a +0 flail
              (17 damage)
             ... on level 7 of the Dungeon.
             The game lasted 00:27:16 (7473 turns).

Goblin1989 the Martial Artist (Demonspawn Monk)     Turns: 7473, Time: 00:27:16

Health: -3/60      AC: 11    Str: 13    XL:     8   Next: 75%
Magic:  8/8        EV:  9    Int: 13    God:    Gozag
Gold:   578        SH:  4    Dex: 15    Spells: 0 memorised, 7 levels left

rFire  . . .     SeeInvis .       - Unarmed
rCold  + . .     Clarity  .     a - +2 scale mail {rC+}
rNeg   . . .     SustAt   +     q - +0 buckler
rPois  .         Gourm    .     z - +0 helmet
rElec  .         Spirit   .     (no cloak)
rCorr  .         Warding  .     (no gloves)
rMut   .         Stasis   .     F - +0 pair of boots
MR     .....                    (no amulet)
Stlth  +.........               o - ring of sustain attributes
                                (no ring)

@: not resistant to hostile enchantments, very unstealthy
A: claws 1, molten scales 1, rot immunity
a: Potion Petition, Call Merchant, Bribe Branch, Renounce Religion


You were on level 7 of the Dungeon.
You worshipped Gozag.
Gozag was noncommittal.
You were not hungry.

You visited 1 branch of the dungeon, and saw 7 of its levels.

You collected 1250 gold pieces.
You spent 672 gold pieces at shops.

Inventory:

Missiles
 y - a throwing net (quivered)
Armour
 a - a +2 scale mail of cold resistance (worn)
 q - a +0 buckler (worn)
 z - a +0 helmet (worn)
 F - a +0 pair of boots (worn)
Jewellery
 o - a ring of sustain attributes (right claw)
Wands
 t - a wand of magic darts (23)
 C - a wand of polymorph (12)
 D - a wand of slowing (27)
 G - a wand of slowing (13)
Scrolls
 c - 6 scrolls of remove curse
 d - 7 scrolls of immolation
 f - 4 scrolls of magic mapping
 g - a scroll of enchant armour {unknown}
 h - 9 scrolls of fog
 i - a scroll of blinking {unknown}
 j - a scroll of teleportation {unknown}
 s - a scroll of amnesia {unknown}
 u - a scroll of random uselessness {unknown}
 w - a scroll of fear
 x - a scroll of enchant weapon
 A - a scroll of recharging {unknown}
 J - a scroll of identify
Potions
 e - a potion of ambrosia {unknown}
 k - 6 potions of curing
 l - a potion of lignification
 m - a potion of resistance
 n - a potion of magic
 p - a potion of brilliance
 r - a potion of cancellation
 B - a potion of flight
 E - a potion of might
 I - a potion of poison {unknown}
Comestibles
 b - 5 bread rations
 v - a beef jerky
 H - 2 slices of pizza


   Skills:
 + Level 4.1 Fighting
 + Level 2.1 Armour
 - Level 2.6 Dodging
 - Level 1.7 Stealth
 + Level 2.0 Shields
 * Level 10.0 Unarmed Combat


You had 7 spell levels left.
You didn't know any spells.

Dungeon Overview and Level Annotations

Branches:
Dungeon (7/15)             Temple (0/1) D:7

Altars:
Ashenzari
Cheibriados
Dithmenos
Fedhas
Gozag
Makhleb
Sif Muna
Vehumet
The Shining One

Shops:
D:2 *   D:4 }[[[?   D:7 (

Annotations:
D:4 Ladykiller69's ghost, amateur FoFi


Innate Abilities, Weirdness & Mutations

You have sharp fingernails.
You are partially covered in molten scales (AC +1).
You are immune to rotting.


Message History

The orc warrior hits you with a flail!
You take 12 damage, and have 21/60 hp.
You scratch the orc warrior.
The orc warrior is severely wounded.
The orc warrior barely misses you.
You barely miss the orc warrior.
The orc warrior is severely wounded.
You closely miss the orc warrior.
The orc warrior is severely wounded.
The orc warrior hits you with a flail!
* * * LOW HITPOINT WARNING * * *
You take 10 damage, and have 11/60 hp.
The orc warrior barely misses you.
There is a large open door here.
There is a large open door here.
You closely miss the orc warrior.
The orc warrior is severely wounded.
The orc warrior hits you with a flail!
You die...
Your body crumbles into a pile of gold.

#.....###'##.##
##.#
#(............#
####..###
#.....$.......#
#........
#.....<.......#
#.#######
###.............#
#.#
+...............#
#.#
#####.....)....#
#.# #..........#
#.# #..###@#####
#.# #....#o###
#.# #........#
#.# +........#
#.# #........#
#.# #........#
#.# #...##+###
#.# #...##.# #.#
..#....#.# #.#


You could see an orc warrior.

Vanquished Creatures
  A necrophage (D:6)
  3 phantoms
  6 ogres
  A gnoll sergeant (D:5)
  A water moccasin skeleton (D:4)
  2 crimson imps
  An orc priest (D:7)
  3 hounds
  Ijyb (D:2)
  4 orc wizards
  5 worker ants
  A giant frog skeleton (D:6)
  An iguana (D:5)
  A hound skeleton (D:6)
  5 river rats (D:6)
  4 gnolls (D:5)
  6 adders
  An adder zombie (D:5)
  A worm (D:4)
  5 giant geckos
  15 orcs
  2 ball pythons (D:1)
  5 giant cockroaches
  8 hobgoblins
  15 jackals
  9 kobolds
  8 bats
  A giant newt (D:1)
  13 goblins
  A jackal zombie (D:6)
  34 rats
164 creatures vanquished.

Notes
Turn   | Place    | Note
--------------------------------------------------------------
     0 | D:1      | Goblin1989 the Demonspawn Monk began the quest for the Orb.
     0 | D:1      | Reached XP level 1. HP: 18/18 MP: 1/1
    24 | D:1      | jacquesderrida: ЭХ ГРЕМЛЕН
    24 | D:1      | jacquesderrida: ЗАМАЧИЛИ ЧЕТ
    24 | D:1      | Goblin1989: антены
    24 | D:1      | jacquesderrida: Наес
    24 | D:1      | Goblin1989: мне когти нужны
    24 | D:1      | jacquesderrida: ЗАЧЕМ
    38 | D:1      | jacquesderrida: КОКТИ НИНУЖНЫ..........
    47 | D:1      | jacquesderrida: ;-)
   262 | D:1      | Reached skill level 4 in Unarmed Combat
   304 | D:1      | Gained mutation: You are immune to rotting. [demonic ancestry]
   304 | D:1      | Reached XP level 2. HP: 24/24 MP: 2/2
  1073 | D:1      | Gained mutation: You have sharp fingernails. [demonic ancestry]
  1073 | D:1      | Reached XP level 3. HP: 29/29 MP: 3/3
  1074 | D:1      | jacquesderrida: zhest
  1126 | D:1      | jacquesderrida: kogtisty gremlen
  1185 | D:1      | Goblin1989: вижу
  1473 | D:2      | Found an opulent altar of Gozag.
  1475 | D:2      | Found Gozag's Platinum Reserve.
  1482 | D:2      | Became a worshipper of Gozag Ym Sagoz the Greedy
  1487 | D:2      | jacquesderrida: waw
  1875 | D:2      | jacquesderrida: heh
  2147 | D:2      | Noticed Ijyb
  2160 | D:2      | Killed Ijyb
  2160 | D:2      | Reached skill level 5 in Unarmed Combat
  2160 | D:2      | Reached XP level 4. HP: 33/35 MP: 4/4
  2271 | D:2      | Found a deep blue altar of Sif Muna.
  2628 | D:3      | Found a radiant altar of Vehumet.
  2638 | D:3      | jacquesderrida: Gremlen puteshestvennik
  2989 | D:3      | Goblin1989: afc
  2989 | D:3      | jacquesderrida: gde
  3150 | D:4      | Noticed Ladykiller69's ghost (amateur FoFi)
  3164 | D:3      | Reached XP level 5. HP: 26/41 MP: 5/5
  3198 | D:4      | Found Uceim's Magic Scroll Boutique.
  3209 | D:4      | Reached skill level 6 in Unarmed Combat
  3369 | D:4      | Bought a scroll of identify for 26 gold pieces
  3369 | D:4      | Bought a scroll of remove curse for 39 gold pieces
  3369 | D:4      | Bought a scroll of immolation for 45 gold pieces
  3369 | D:4      | Bought a scroll of magic mapping for 45 gold pieces
  3369 | D:4      | Bought a scroll of fear for 45 gold pieces
  3369 | D:4      | Bought a scroll of remove curse for 39 gold pieces
  3369 | D:4      | Bought a scroll of enchant weapon for 97 gold pieces
  3369 | D:4      | Bought 3 scrolls of fog for 78 gold pieces
  3556 | D:4      | Found Tunluod's Gadget Boutique.
  3582 | D:3      | Reached XP level 6. HP: 33/47 MP: 6/6
  3731 | D:3      | jacquesderrida: hi
  3731 | D:3      | jacquesderrida: it me
  3731 | D:3      | jacquesderrida: jeq
  3763 | D:4      | Found Agi Dae's Armour Emporium.
  3770 | D:4      | Bought a +0 helmet for 49 gold pieces
  3828 | D:4      | Reached skill level 7 in Unarmed Combat
  4179 | D:5      | Entered Level 5 of the Dungeon
  4374 | D:5      | Reached XP level 7. HP: 32/52 MP: 7/7
  4497 | D:5      | Reached skill level 8 in Unarmed Combat
  4620 | D:4      | Found Makistru's Armour Shop.
  4686 | D:4      | Found Zagaon's Antique Armour Emporium.
  4715 | D:4      | Found a snail-covered altar of Cheibriados.
  4803 | D:4      | Bought a pair of pitted boots for 209 gold pieces
  4808 | D:4      | Identified the cursed -6 pair of boots of the Game of Kings {Str-2 Slay+3 Stlth+} (You bought it in a shop on level 4 of the Dungeon)
  5422 | D:5      | Reached skill level 9 in Unarmed Combat
  5900 | D:5      | Gained mutation: You are partially covered in molten scales (AC +1). [demonic ancestry]
  5900 | D:5      | Reached XP level 8. HP: 58/58 MP: 8/8
  6274 | D:6      | Reached skill level 1 in Armour
  6439 | D:6      | Found a burning altar of Makhleb.
  6448 | D:6      | Reached skill level 1 in Shields
  6724 | D:6      | Found a shattered altar of Ashenzari.
  6725 | D:6      | Found a blossoming altar of Fedhas.
  6725 | D:6      | Found a glowing golden altar of the Shining One.
  6727 | D:6      | Found a shadowy altar of Dithmenos.
  7013 | D:6      | Reached skill level 10 in Unarmed Combat
  7269 | D:7      | Found a staircase to the Ecumenical Temple.
  7319 | D:7      | Found Hoixain's Antique Weapon Emporium.
  7473 | D:7      | Slain by an orc warrior

Action                   |  1- 3 |  4- 6 |  7- 9 || total
-------------------------+-------+-------+-------++-------
Melee: Unarmed           |   144 |   211 |   292 ||   647
  Use: Scroll            |       |     6 |     3 ||     9
 Stab: Sleeping          |     6 |     2 |       ||     8
       Distracted        |       |       |     2 ||     2
  Eat: Chunk             |     2 |       |       ||     2
       Meat ration       |     1 |       |     1 ||     2
       Royal jelly       |       |     1 |       ||     1
       Pizza             |       |     1 |       ||     1
       Fruit             |       |       |     3 ||     3
       Beef jerky        |       |       |     2 ||     2
